 Dungeon Crawl Stone Soup version 0.17-a0-1997-ga88ed7d (webtiles) character file.

250 Ordine the Skirmisher (level 6, -2/45 HPs)
             Began as an Octopode Fighter on Oct 8, 2015.
             Slain by an adder (4 damage)
             ... on level 4 of the Dungeon.
             The game lasted 00:06:52 (2591 turns).

Ordine the Skirmisher (Octopode Fighter)            Turns: 2591, Time: 00:06:52

Health: -2/45      AC:  1    Str: 16    XL:     6   Next: 13%
Magic:  6/6        EV: 10    Int: 10    God:
Gold:   156        SH: 10    Dex: 13    Spells: 0 memorised, 5 levels left

rFire  . . .     SeeInvis +     a - +1 long sword
rCold  + . .     Clarity  .     b - +1 shield
rNeg   . . .     SustAt   +     (helmet restricted)
rPois  .         Gourm    .     (no amulet)
rElec  .         Spirit   .     f - ring of sustain attributes
rCorr  .         Warding  .     g - +3 ring of slaying
rMut   .         Stasis   .     n - ring of protection from cold
MR     .....                    o - ring of see invisible
Stlth  +.........               (no ring)
                                (no ring)
                                (no ring)
                                (no ring)

@: lethally poisoned (-2 -> -5), glowing, not resistant to hostile enchantments,
very unstealthy
A: almost no armour, amphibious, 8 rings, constrict 8, camouflage 1, gelatinous
body 1
a: no special abilities


You were on level 4 of the Dungeon.
You were very hungry.

You visited 1 branch of the dungeon, and saw 4 of its levels.

You collected 156 gold pieces.

Inventory:

Hand Weapons
 a - a +1 long sword (weapon)
 s - a +0 blowgun
Missiles
 h - 7 tomahawks (quivered)
 l - 143 stones
 p - 28 poisoned needles
Armour
 b - a +1 shield (worn)
Jewellery
 f - a ring of sustain attributes (left tentacle)
 g - a +3 ring of slaying (right tentacle)
 n - a ring of protection from cold (on tentacle)
 o - a ring of see invisible (on tentacle)
Scrolls
 e - 2 scrolls of remove curse
 i - a scroll of amnesia
 j - a scroll of teleportation
 k - a scroll of enchant weapon
Potions
 c - 2 potions of might
 r - a potion of beneficial mutation {unknown}
Comestibles
 d - 4 bread rations
 q - 2 meat rations
 t - a beef jerky
 u - 5 fruits


   Skills:
 + Level 5.3 Fighting
 + Level 4.4 Long Blades
 - Level 3.0 Dodging
 - Level 3.0 Shields


You had 5 spell levels left.
You didn't know any spells.

Dungeon Overview and Level Annotations

Branches:
Dungeon (4/15)
 Temple: D:4-7

Altars:
Ashenzari
Fedhas

Annotations:
D:4 alpinistek's ghost, amateur DsFE


Innate Abilities, Weirdness & Mutations

You cannot wear most types of armour.
You are amphibious.
You can wear up to eight rings at the same time.
You can use your tentacles to constrict eight enemies at once.
Your skin changes colour to match your surroundings (Stealth).
Your rubbery body absorbs attacks (AC +1).


Message History

Items here: )))) [ ††† You hit the gnoll.
You grab the gnoll. You squeeze the gnoll.
The gnoll is heavily wounded.
You constrict the gnoll. The adder bites you.
* * * LOW HITPOINT WARNING * * *
You are lethally poisoned!
The adder poisons you! You block the gnoll's attack.
Unknown command.
Drink which item? (? for menu, Esc to quit)
It was a potion of curing.
You feel better.
You constrict the gnoll. The adder bites you.
* * * LOW HITPOINT WARNING * * *
You are poisoned.
The adder poisons you! The gnoll barely misses you. The adder bites you.
* * * LOW HITPOINT WARNING * * *
You slash the gnoll!
You kill the gnoll!
* * * LOW HITPOINT WARNING * * *
You feel sick. The adder bites you.
You die...

# #.. ####### ....###
###.....## .......##
##........##
......)@###..........#
......S#..#..........##
.......##..........<..#
......# ##............#
...... #...............
.....# #...............
..... #...............
..(.. #................
#........).......


You could see an adder.

Vanquished Creatures
  A crimson imp (D:3)
  A hound (D:4)
  An orc wizard (D:3)
  A gnoll shaman (D:4)
  An adder (D:2)
  4 gnolls (D:4)
  An ooze (D:1)
  2 worms (D:3)
  5 orcs (D:3)
  A ball python (D:4)
  8 bats
  2 giant cockroaches
  9 goblins
  6 hobgoblins
  2 jackals (D:2)
  2 quokkas
  3 giant geckos
  2 giant newts (D:2)
  9 kobolds
  6 rats
67 creatures vanquished.

Notes
Turn   | Place    | Note
--------------------------------------------------------------
     0 | D:1      | Ordine the Octopode Fighter began the quest for the Orb.
     0 | D:1      | Reached XP level 1. HP: 16/16 MP: 1/1
    71 | D:1      | Reached XP level 2. HP: 5/21 MP: 2/2
   921 | D:1      | Reached XP level 3. HP: 26/26 MP: 3/3
   936 | D:2      | Found a blossoming altar of Fedhas.
  1009 | D:2      | Reached skill level 4 in Fighting
  1499 | D:3      | Reached XP level 4. HP: 24/33 MP: 4/4
  1759 | D:3      | Found a shattered altar of Ashenzari.
  2292 | D:3      | Reached XP level 5. HP: 35/38 MP: 5/5
  2381 | D:4      | Reached skill level 5 in Fighting
  2383 | D:4      | Noticed alpinistek's ghost (amateur DsFE)
  2586 | D:4      | Reached XP level 6. HP: 15/45 MP: 6/6
  2591 | D:4      | HP: 2/45 [poisoned by an adder]
  2591 | D:4      | Slain by an adder

Vault maps used:
D:1:      minmay_arrival_checkered_box
D:2:      first_bread, minmay_misc_feat_cross, fedhas_altar_2
D:3:      cheibrodos_ashenzari_chains
D:4:      minmay_temple_entry_butterflies

Action                   |  1- 3 |  4- 6 || total
-------------------------+-------+-------++-------
Melee: Long sword        |    73 |    49 ||   122
Throw: Tomahawk          |       |     1 ||     1
  Use: Scroll            |     7 |     2 ||     9
       Potion            |       |     1 ||     1
 Stab: Sleeping          |     8 |     1 ||     9
       Distracted        |     1 |       ||     1
  Eat: Chunk             |     2 |     2 ||     4
